 Dungeon Crawl Stone Soup version 0.24.1-8-ga250c9d538 (webtiles) character file.

Game seed: 3840125507786687641, levelgen mode: deterministic

61 Peloso the Shield-Bearer (level 3, 0/31 HPs)
             Began as a Demigod Fighter on Apr 29, 2020.
             Blown up by Ijyb (3 damage)
             ... with a disintegration bolt
             ... on level 3 of the Dungeon.
             The game lasted 00:02:15 (1884 turns).

Peloso the Shield-Bearer (Demigod Fighter)          Turns: 1884, Time: 00:02:15

Health: 0/31       AC:  7    Str: 26    XL:     3   Next: 58%
Magic:  5/5        EV:  7    Int: 12    God:
Gold:   48         SH: 10    Dex: 15    Spells: 2/2 levels left

rFire    . . .     SeeInvis .   a - +0 long sword
rCold    . . .     Gourm    .   c - +0 shield
rNeg     . . .     Faith    .   b - +0 scale mail
rPois    .         Spirit   .   (no helmet)
rElec    .         Reflect  .   (no cloak)
rCorr    .         Harm     .   (no gloves)
MR       .....                  l - +0 pair of boots
Stlth    ..........             (no amulet)
HPRegen  0.10/turn              (no ring)
MPRegen  0.09/turn              (no ring)

@: mighty, lethally poisoned (0 -> -6)
A: high mp 1
a: no special abilities


You were on level 3 of the Dungeon.
You were not hungry.

You visited 1 branch of the dungeon, and saw 3 of its levels.

You collected 48 gold pieces.

Inventory:

Hand Weapons
 a - a +0 long sword (weapon)
Armour
 b - a +0 scale mail (worn)
 c - a +0 shield (worn)
 l - a +0 pair of boots (worn)
Scrolls
 h - a scroll of remove curse {unknown}
 i - a scroll of amnesia {unknown}
Potions
 e - a potion of cancellation {unknown}
 g - a potion of heal wounds {unknown}
 j - 2 potions of berserk rage {unknown}
Comestibles
 f - 8 rations
 k - a chunk of flesh


   Skills:
 + Level 3.1 Fighting
 + Level 2.5 Long Blades
 + Level 3.0 Armour
 + Level 0.4 Dodging
 + Level 3.1 Shields


You had 2 spell levels left.
You didn't know any spells.
Your spell library was empty.

Dungeon Overview and Level Annotations

Branches:
Dungeon (3/15)

Annotations:
D:3 Ijyb


Innate Abilities, Weirdness & Mutations

You have an increased reservoir of magic. (+10% MP)


Message History

You block the leopard gecko's attack.
The kobold throws a stone.
The stone hits you but does no damage. The adder barely misses you.
The leopard gecko closely misses you.
You riposte.
You miss the leopard gecko.
The leopard gecko is severely wounded.
Unknown command.
You hit the leopard gecko.
The leopard gecko is almost dead.
The adder closely misses you.
You riposte.
You closely miss the adder.
The kobold throws a stone.
The stone closely misses you.
The leopard gecko bites you but does no damage.
The adder bites you but does no damage.
The kobold throws a stone.
The stone hits you but does no damage. Ijyb closely misses you.
You slash the leopard gecko!
You kill the leopard gecko!
The adder bites you but does no damage.
The kobold throws a stone.
You block the stone. The adder bites you.
* * * LOW HITPOINT WARNING * * *
You are lethally poisoned!
The adder poisons you!
Ijyb zaps a wand.
You are blasted!
You die...

#. #.# #..# .# #.# #.#
#..# . . #.# #.# #..#
#.#. #.# #.# #(.#
....##.###.# #..#
##..#...##.## ######...
............# #........
#..#Ssg##..###.#..##..
#.@.##......##≈##..
K..................≈≈#..
###.........#####.≈.≈≈..
#.#.##.#### #.≈.#≈#. #
#. #.# ≈≈≈##≈≈. #. #.#
###.#.##≈. # #.#
#....≈..≈. .. #.#.≈≈####
#.#≈≈##.##


You could see Ijyb, an adder, a giant cockroach and a kobold.

Vanquished Creatures
  An adder (D:3)
  An ooze (D:3)
  An adder skeleton (D:3)
  A worm (D:2)
  A dart slug (D:2)
  4 leopard geckos
  An orc (D:3)
  4 giant cockroaches
  8 goblins
  A hobgoblin (D:2)
  2 bats (D:2)
  3 frilled lizards
  4 kobolds
  4 rats
36 creatures vanquished.

Notes
Turn   | Place    | Note
-------+----------+-------------------------------------------
     0 | D:1      | Peloso the Demigod Fighter began the quest for the Orb.
     0 | D:1      | Reached XP level 1. HP: 18/18 MP: 3/3
   182 | D:1      | Reached XP level 2. HP: 17/25 MP: 4/4
  1302 | D:2      | Reached XP level 3. HP: 26/31 MP: 5/5
  1876 | D:3      | Noticed Ijyb
  1884 | D:3      | Blown up by Ijyb

Levels and vault maps discovered:
D:1:      nicolae_arrival_washed_ashore, layout_basic
D:2:      layout_basic, first_ration
D:3:      layout_loops_ring, chequers_serial_rivers_small_b, uniq_sigmund,
          uniq_ijyb

Skill      XL: |  1  2  3 |
---------------+----------+-----
Long Blades    | 2 |  2.5
Fighting       | 3 |  3.1
Shields        | 3 |  3.1
Armour         | 3 |  3.0
Dodging        | |  0.4

Action                   || total
-------------------------++-------
Melee: Long sword        ||   125
  Use: Potion            ||     1
  Eat: Chunk             ||     3
Armor: Scale mail        ||    51
Dodge: Dodged            ||    43
Block: Shield            ||    71
       Rpst.: Long sword ||    21
